cohdb
Replays
Latest Replays
All Replays
Popular Replays
Top Player Replays
Match Explorer
How It Works
Community
CoH3 Stats
Reddit
Sign in to upload your games and track your stats! →
Sign in with Steam
Match 40598443
Unlisted
Match 40598443
Overview
Messages
Build Orders
End
Vickers Machine Gun Team
Construct Section Command Post
Dingo Light Scout Car
Infantry Section
Infantry Section
Selects Indian Artillery Battlegroup
Construct Platoon Command Post
CMP 15cwt Truck
Selects War Cry
Selects Gurkha Rifles Section
Gurkha Rifles Section
Infantry Training
Construct Company Command Post
Selects Pillage
Crusader II Medium Tank
Crusader II Medium Tank
Armored Vehicle Training
Selects Artillery Saturation
Royal Engineer Section
Crusader II Medium Tank
Selects Off-map Airburst Barrage
Off-map Airburst Barrage
Crusader II Medium Tank
Crusader II Medium Tank
Crusader II Medium Tank
Off-map Airburst Barrage
azur
Chungsan
North Star
很好很好很好啊
atomchef19
Jd577
Chapo
3171549246
0
0
Comments
sign in to comment!
No comments posted yet!